 Dungeon Crawl Stone Soup version 0.31-a0-675-g238779eb0a (webtiles) character file.

Game seed: 4993494178521762833

4460 Xavori the Covert (level 10, -1/66 HPs)
             Began as an Octopode Chaos Knight on Sept 6, 2023.
             Was a Plaything of Xom.
             Slain by a hellwing (16 damage)
             ... summoned by Xom
             ... on level 8 of the Dungeon.
             The game lasted 00:09:17 (14031 turns).

Xavori the Covert (Octopode Chaos Knight)          Turns: 14031, Time: 00:09:17

Health: -1/66      AC:  2    Str: 12    XL:     10   Next: 37%
Magic:  19/19      EV: 14    Int: 15    God:    Xom [......]
Gold:   77         SH:  9    Dex: 15    Spells: 9/9 levels left

rFire   . . .        k - +1 dagger (speed)
rCold   + + +        p - +0 kite shield {rC+}
rNeg    . . .        y - +1 hat
rPois   .            q - amulet of regeneration
rElec   .            f - ring of magical power
rCorr   .            B - ring of protection from cold
SInv    +            C - ring of flight
Will    .....        (no ring)
Stlth   ++++++       (no ring)
HPRegen 1.11/turn    (no ring)
MPRegen 0.16/turn    (no ring)
                     (no ring)

%: clarity
@: flying, studying Axes
A: almost no armour, amphibious, 8 rings, camouflage 1, gelatinous body 1,
(nimble swimmer 1), tentacles, see invisible, clarity, cold resistance 2, wild
magic 2
a: Renounce Religion


You were on level 8 of the Dungeon.
You worshipped Xom.
You were a very special plaything of Xom.
You visited 1 branch of the dungeon, and saw 8 of its levels.

You collected 560 gold pieces.
You spent 483 gold pieces at shops.

Inventory:

Hand Weapons
 a - a +0 short sword of chaos
 g - a +2 dagger of venom
 k - a +1 dagger of speed (weapon)
Missiles
 z - a throwing net
Armour
 p - a +0 kite shield of cold resistance (worn)
 y - a +1 hat (worn)
Jewellery
 f - a ring of magical power (left tentacle)
 q - an amulet of regeneration (around mantle)
 B - a ring of protection from cold (right tentacle)
 C - a ring of flight (on tentacle)
Wands
 v - a wand of flame (25)
 x - a wand of polymorph (7)
Scrolls
 b - a scroll of butterflies
 c - 2 scrolls of identify
 d - 2 scrolls of teleportation
 h - 2 scrolls of brand weapon
 i - a scroll of acquirement {unknown}
 j - 2 scrolls of silence
 l - 2 scrolls of poison
 m - 2 scrolls of fog
 o - 2 scrolls of fear
Potions
 e - 2 potions of brilliance
 n - a potion of haste {unknown}
 r - 3 potions of curing
 s - 3 potions of attraction {unknown}
 t - 3 potions of might {unknown}
 u - a potion of ambrosia {unknown}
 w - 6 potions of heal wounds
 A - a potion of degeneration {unknown}


   Skills:
 + Level 5.5 Fighting
 + Level 7.6 Short Blades
 + Level 6.0 Dodging
 + Level 13.3 Stealth
 + Level 5.0 Shields
 + Level 0.2 Evocations


You had 9 spell levels left.
You didn't know any spells.
Your spell library contained the following spells:

 Spells                   Type           Power      Damage    Failure   Level
 Kiss of Death            Conj/Necr      0%         2d5       82%         1
 Cigotuvi's Dreadful Rot  Necr/Pois/Air  0%         N/A       90%         2
 Static Discharge         Conj/Air       0%         2-2/arc   90%         2
 Confusing Touch          Hex            0%         N/A       98%         3
 Summon Guardian Golem    Hex/Summ       0%         N/A       98%         3
 Airstrike                Air            0%         2d(0-16)  100%        4
 Dispel Undead            Necr           0%         3d6       100%        4
 Summon Lightning Spire   Summ/Air       0%         N/A       100%        4
 Death Channel            Necr           0%         N/A       100%        6
 Orb of Destruction       Conj           0%         9d5       100%        7
 Spellforged Servitor     Conj/Summ      0%         N/A       100%        7


Dungeon Overview and Level Annotations

Branches:
Dungeon (8/15)             Temple (0/1) D:4            Lair (0/5) D:8

Altars:
Cheibriados
Elyvilon
Hepliaklqana
Makhleb
Qazlal
Sif Muna
Vehumet
Wu Jian
Xom

Shops:
D:7 *!**

Annotations:
D:2 Crazy Yiuf


Innate Abilities, Weirdness & Mutations

You cannot wear most types of armour.
You are amphibious.
You can wear up to eight rings at the same time.
Your skin changes colour to match your surroundings (Stealth+).
Your rubbery body absorbs attacks. (AC +1, EV +1)
((You are camouflaged when in or above water. (Stealth+)))
You have tentacles for arms and can constrict up to eight enemies at once.
You have supernaturally acute eyesight. (SInv)
You possess an exceptional clarity of mind.
Your flesh is very cold resistant. (rC++)
Your spells are harder to cast, but more powerful.


Message History

You feel yourself speed up.
You constrict the hornet, but do no damage.
You feel sick. The hornet stings you.
You feel yourself slow down. You block the hornet's attack.
You barely miss the hornet. Your squeeze misses the hornet.
The hornet is heavily wounded.
You feel yourself speed up.
You constrict the hornet, but do no damage.
You feel sick. You block the shadow imp's attack.
The crimson imp closely misses you. The hornet barely misses you.
You release your grip on the hornet.
You feel sick. The hornet attacks as it pursues you! The hornet stings you.
* * * LOW HITPOINT WARNING * * *
You are more poisoned.
You feel yourself slow down.
You feel very sick. You block the hornet's attack. x2
You feel very sick. The ufetubus barely misses you. The ufetubus hits you.
* * * LOW HITPOINT WARNING * * *
The hornet stings you.
* * * LOW HITPOINT WARNING * * *
You feel as though you will be slow longer.
You feel better. You block the ufetubus's attack.
The ufetubus completely misses you. The hornet barely misses you.
You block the hornet's attack.
You feel yourself speed up. The hornet barely misses you.
The shadow imp puffs mist at you. You block the white imp's attack.
The hornet barely misses you.
The hellwing swoops through the air toward you!
The hellwing hits you!
* * * LOW HITPOINT WARNING * * *
You block the hellwing's attack. The white imp barely misses you.
You feel better. You block the hornet's attack.
You block the hellwing's attack. x2; You block the white imp's attack.
The hornet attacks as it pursues you! You block the hornet's attack.
The hellwing hits you!
You die...
Xom cackles wildly!

#########.........
..................
........#......... .#
#.......#......... ..##
####.##........... ...#
#.##..........# ....# #
#)##.........###..... #
#.......####.....# #
###......# #@4###### ##
#......####y.(.....
.#####..[....555.#####..
.......####...##5##....
##......# ##.5.5........
.#...#..####o###....####
.#...#....#o)##...###
.#..........)).......
##...####....#.#.....


You could see a hellwing (summoned), a hornet, a crimson imp (summoned) and 2
white imps.

Vanquished Creatures
  A deep elf pyromancer (D:7)
  A human (D:7)
  Eustachio (D:6)
  2 steam dragons
  2 water moccasins
  2 orc warriors (D:8)
  3 black bears
  A tengu (D:8)
  4 ogres
  3 centaurs
  2 phantoms
  A kobold brigand (D:6)
  2 bullfrogs
  2 scorpions
  6 wights
  4 killer bees (D:8)
  2 howler monkeys (D:7)
  4 jellies
  2 hounds (D:5)
  A gnoll bouda (D:7)
  4 sleepcaps
  An iguana (D:5)
  Terence (D:2)
  2 orc wizards
  Robin (D:2)
  5 adders
  3 gnolls (D:7)
  An ufetubus (D:5)
  4 worms
  2 dart slugs
  16 orcs
  6 bats
  11 endoplasms
  2 giant cockroaches
  18 goblins
  13 hobgoblins
  16 kobolds
  3 quokkas
  3 ball pythons
  2 frilled lizards
  4 rats
164 creatures vanquished.

Vanquished Creatures (collateral kills)
  Pikel (D:5)
  A phantom (D:5)
  A hound (D:5)
  An orc (D:5)
4 creatures vanquished.

Grand Total: 168 creatures vanquished

Notes
Turn   | Place    | Note
-------+----------+-------------------------------------------
     0 | D:1      | Xavori the Octopode Chaos Knight began the quest for the
                  | Orb.
     0 | D:1      | Reached XP level 1. HP: 16/16 MP: 1/1
    71 | D:1      | Reached XP level 2. HP: 18/21 MP: 2/2
   310 | D:1      | Reached XP level 3. HP: 25/26 MP: 3/3
   357 | D:1      | Reached skill level 1 in Stealth
   809 | D:1      | Found a faded altar of an unknown god.
   936 | D:1      | XOM is BORED!
  1071 | D:1      | XOM: god gift: plate armour {god gift}
  1329 | D:1      | XOM: god gift: ring mail {god gift}
  1612 | D:1      | XOM: give mutations
  1612 | D:1      | Gained mutation: You have hidden genetic potential. [Xom's
                  | mischief]
  1612 | D:1      | Gained mutation: Your system is resistant to poisons.
                  | (rPois) [Xom's mischief]
  1612 | D:1      | Lost mutation: Your system is resistant to poisons. (rPois)
                  | [Xom's mischief]
  1959 | D:1      | XOM is BORED!
  1959 | D:1      | XOM: noise
  2072 | D:1      | XOM: scenery: summon butterflies
  2164 | D:1      | XOM: god gift: runed plate armour {god gift}
  2243 | D:1      | XOM: god gift: worn brass wand {god gift}
  2342 | D:1      | XOM: silly message
  2833 | D:1      | XOM is BORED!
  2910 | D:1      | XOM: divination: magic mapping
  3189 | D:1      | XOM: give mutation
  3189 | D:1      | Gained mutation: You have an increased reservoir of magic.
                  | (+10% MP) [Xom's grace]
  3713 | D:1      | XOM: god gift: 19 gold pieces
  3928 | D:1      | XOM: cloud trail
  3981 | D:1      | XOM: god gift: 23 gold pieces
  4657 | D:1      | XOM: god gift: war axe {god gift}
  5907 | D:1      | XOM is BORED!
  5907 | D:1      | XOM: noise
  6160 | D:1      | XOM: cloud trail
  6459 | D:1      | XOM is BORED!
  6459 | D:1      | XOM: summons 3 hostile shadow creatures
  7615 | D:1      | XOM: give mutations
  7615 | D:1      | Gained mutation: You are resistant to electric shocks.
                  | (rElec) [Xom's grace]
  7615 | D:1      | Gained mutation: You passively dampen the noise of your
                  | surroundings. [Xom's grace]
  7740 | D:1      | XOM: give mutations
  7740 | D:1      | Gained mutation: Your flesh is cold resistant. (rC+) [Xom's
                  | grace]
  7740 | D:1      | Gained mutation: Your flesh is very cold resistant. (rC++)
                  | [Xom's grace]
  7740 | D:1      | Gained mutation: Your muscles are strong. (Str +4, Int/Dex
                  | -1) [Xom's grace]
  7740 | D:1      | Gained mutation: You are partially covered in large bone
                  | plates. (SH +4) [Xom's grace]
  7846 | D:2      | Found a white marble altar of Elyvilon.
  7846 | D:2      | XOM: 7-stop teleportation journey
  7879 | D:2      | Noticed Robin
  7894 | D:2      | Killed Robin
  7895 | D:2      | Reached skill level 2 in Stealth
  7895 | D:2      | Reached XP level 4. HP: 33/33 MP: 4/4
  7954 | D:2      | XOM: god gift: 55 gold pieces
  8126 | D:2      | Noticed Terence
  8144 | D:2      | Killed Terence
  8148 | D:2      | Gained mutation: One of your tentacles bears a spike.
                  | [hidden potential]
  8265 | D:2      | XOM: god gift: orange potion {god gift}
  8357 | D:2      | Found a runed translucent door.
  8358 | D:2      | Noticed Crazy Yiuf
  8626 | D:2      | XOM: god gift: +0 kite shield of cold resistance
  8686 | D:2      | XOM: cast spell 'Dispersal'
  8732 | D:2      | XOM: god gift: 52 gold pieces
  8793 | D:3      | XOM: scenery: summon butterflies
  8913 | D:3      | Reached skill level 3 in Stealth
  9115 | D:3      | Reached XP level 5. HP: 37/37 MP: 5/5
  9305 | D:3      | XOM: divination: detect items
  9383 | D:3      | XOM: god gift: 46 gold pieces
  9529 | D:3      | Reached skill level 4 in Stealth
  9545 | D:3      | Gained mutation: You have great hidden genetic potential.
                  | [hidden potential]
  9545 | D:3      | Lost mutation: You have great hidden genetic potential.
                  | [hidden potential expressed]
  9722 | D:4      | Found a staircase to the Ecumenical Temple.
  9750 | D:4      | Noticed a black bear
  9751 | D:4      | Noticed a phantom
  9753 | D:4      | XOM: confuse monster(s)
  9758 | D:4      | Killed a phantom
  9759 | D:4      | Reached skill level 5 in Stealth
  9759 | D:4      | Reached XP level 6. HP: 43/43 MP: 6/6
  9770 | D:4      | Killed a black bear
  9771 | D:4      | Reached skill level 6 in Stealth
  9794 | D:4      | Gained mutation: You possess an exceptional clarity of
                  | mind. [hidden potential]
  9843 | D:4      | Found a burning altar of Makhleb.
  9891 | D:4      | Reached skill level 1 in Shields
  9891 | D:4      | Reached XP level 7. HP: 47/47 MP: 7/7
  9921 | D:4      | Found a shimmering blue altar of Sif Muna.
  9982 | D:4      | Found a radiant altar of Vehumet.
  9995 | D:4      | XOM: fake destruction
 10000 | D:4      | Reached skill level 7 in Stealth
 10119 | D:5      | Entered Level 5 of the Dungeon
 10148 | D:5      | XOM: summons friendly shadow imp
 10261 | D:5      | Found a hazy altar of Hepliaklqana.
 10262 | D:5      | Found an ornate altar of the Wu Jian Council.
 10270 | D:5      | XOM: summons friendly ufetubus
 10273 | D:5      | Reached skill level 5 in Short Blades
 10273 | D:5      | Reached skill level 8 in Stealth
 10443 | D:5      | Reached XP level 8. HP: 54/54 MP: 8/8
 10459 | D:5      | XOM: polymorph ufetubus -> shadow imp
 10499 | D:5      | XOM: potion effect (haste)
 10509 | D:5      | XOM: scenery: create altars
 10611 | D:5      | XOM: scenery: create altars
 10693 | D:5      | XOM: give mutations
 10693 | D:5      | Gained mutation: Your muscles are very strong. (Str +8,
                  | Int/Dex -2) [Xom's grace]
 10693 | D:5      | Gained mutation: Your spells are a little harder to cast,
                  | but a little more powerful. [Xom's grace]
 10693 | D:5      | Gained mutation: Your spells are harder to cast, but more
                  | powerful. [Xom's grace]
 10749 | D:5      | Noticed Pikel
 10764 | D:5      | XOM: destruction
 10776 | D:5      | XOM: potion effect (might)
 10780 | D:5      | Killed Pikel
 10781 | D:5      | Reached skill level 10 in Stealth
 10789 | D:5      | Gained mutation: Your flesh is heat resistant. (rF+)
                  | [hidden potential]
 10789 | D:5      | Lost mutation: You have hidden genetic potential. [hidden
                  | potential expressed]
 10810 | D:5      | XOM: cloud trail
 10905 | D:5      | XOM: god gift: white potion {god gift}
 11478 | D:6      | Reached XP level 9. HP: 52/59 MP: 9/9
 11478 | D:6      | XOM: torment (26/59 hp)
 11479 | D:6      | XOM: blink monster(s)
 11486 | D:6      | Reached skill level 11 in Stealth
 12133 | D:6      | XOM: give mutations
 12133 | D:6      | Lost mutation: You are partially covered in large bone
                  | plates. (SH +4) [Xom's mischief]
 12133 | D:6      | Lost mutation: Your flesh is heat resistant. (rF+) [Xom's
                  | mischief]
 12239 | D:6      | Noticed Eustachio
 12245 | D:6      | Killed Eustachio
 12246 | D:6      | Reached skill level 5 in Dodging
 12272 | D:6      | XOM: give mutations
 12272 | D:6      | Lost mutation: You are resistant to electric shocks.
                  | (rElec) [Xom's mischief]
 12272 | D:6      | Lost mutation: You have an increased reservoir of magic.
                  | (+10% MP) [Xom's mischief]
 12272 | D:6      | Lost mutation: Your muscles are very strong. (Str +8,
                  | Int/Dex -2) [Xom's mischief]
 12272 | D:6      | Gained mutation: You occasionally shout uncontrollably at
                  | your foes. [Xom's mischief]
 12421 | D:6      | XOM: silly message
 12473 | D:7      | Found Bedus's General Store.
 12479 | D:7      | Bought a potion of curing for 39 gold pieces
 12484 | D:7      | Found Qusk's Assorted Antiques.
 12499 | D:7      | Bought a runed hat for 182 gold pieces
 12499 | D:7      | Bought a scroll labelled FAMENLU GALU for 26 gold pieces
 12499 | D:7      | Bought a viscous brown potion for 23 gold pieces
 12506 | D:7      | Found Zomypraent's Distillery.
 12515 | D:7      | Bought 2 potions of heal wounds for 120 gold pieces
 12515 | D:7      | Bought a potion of heal wounds for 60 gold pieces
 12693 | D:7      | Found a stormy altar of Qazlal.
 12694 | D:7      | Found a snail-covered altar of Cheibriados.
 12704 | D:7      | Reached skill level 5 in Fighting
 12710 | D:7      | Found Yriacw's General Store.
 12714 | D:7      | Bought a potion of curing for 33 gold pieces
 12778 | D:7      | XOM: enchant monster (bad)
 12825 | D:7      | Noticed a deep elf pyromancer
 12834 | D:7      | Killed a deep elf pyromancer
 12835 | D:7      | Reached skill level 12 in Stealth
 12872 | D:7      | XOM is BORED!
 12872 | D:7      | XOM: give mutation
 12872 | D:7      | Lost mutation: One of your tentacles bears a spike. [Xom's
                  | mischief]
 12881 | D:7      | XOM: polymorph ogre -> human
 12903 | D:7      | XOM: summons 3 friendly demons
 12910 | D:7      | XOM: confuse monster(s)
 12913 | D:7      | Reached XP level 10. HP: 38/66 MP: 10/10
 12915 | D:7      | XOM: smoke on damage
 13027 | D:7      | XOM: summons 6 hostile demons
 13182 | D:7      | XOM: silly message
 13591 | D:8      | Reached skill level 13 in Stealth
 13660 | D:8      | XOM: polymorph water moccasin -> tengu
 13668 | D:8      | XOM: enchant monster (bad)
 13673 | D:8      | XOM: give mutations
 13673 | D:8      | Lost mutation: You occasionally shout uncontrollably at
                  | your foes. [Xom's mischief]
 13673 | D:8      | Lost mutation: Your muscles are strong. (Str +4, Int/Dex
                  | -1) [Xom's mischief]
 13673 | D:8      | Lost mutation: You passively dampen the noise of your
                  | surroundings. [Xom's mischief]
 13673 | D:8      | Gained mutation: You have supernaturally acute eyesight.
                  | (SInv) [Xom's mischief]
 13675 | D:8      | XOM: stat loss: -1 Int (14/15)
 13760 | D:8      | XOM: chaos upgrade
 13811 | D:8      | Reached skill level 5 in Shields
 13903 | D:8      | Found a staircase to the Lair.
 13934 | D:8      | XOM: scenery: create altars
 14005 | D:8      | XOM: silly message
 14021 | D:8      | XOM: summons 6 hostile demons
 14031 | D:8      | Slain by a hellwing

Illustrated notes

Levels and vault maps discovered:
D:1:      sevenhm_arrival_forest_fort_small_4, layout_basic,
          shapermc_ecumenical_altar_petra,
          nicolae_concentric_dashed_squares_wild
D:2:      layout_basic, basic_altar, uniq_terence, uniq_robin,
          uniq_crazy_yiuf_cottage
D:3:      wad_river_or_something, layout_basic, chequers_big_river,
          kennysheep_generic_room_15
D:4:      layout_cave_pools, bloody_makhleb,
          mainiacjoe_overflow_small_starburst, vehumet_altar_wand_db,
          minmay_temple_entry_trees, minmay_misc_feat_cross,
          minmay_misc_feat_pillars
D:5:      layout_cave_pods, chequers_temple_overflow_statue_of_worship,
          uniq_pikel
D:6:      layout_layer_cave, nicolae_ossuary_entry_monument, uniq_eustachio
D:7:      layout_rooms, nicolae_overflow_two_pavilions, serial_shops, shop,
          nicolae_shop_pleasant_corner_grove, shop, shop, corner_web_ring,
          minmay_crystal_room, minmay_manual_monstrance
D:8:      layout_rooms, dpeg_oklobed_lair, kennysheep_opposing_triangles

Skill      XL: |  1  2  3  4  5  6  7  8  9 10 |
---------------+-------------------------------+-----
Stealth        | 2 3 5 6 8 10 12 13 | 13.3
Short Blades   | 4 5 7 |  7.6
Dodging        | 3 4 5 6 |  6.0
Shields        | 1 3 4 5 |  5.0
Fighting       | 4 5 |  5.5
Evocations     | |  0.2

Action                     |  1- 3 |  4- 6 |  7- 9 | 10-12 || total
---------------------------+-------+-------+-------+-------++-------
  Melee: Short sword       |    33 |       |       |       ||    33
         Tentacles         |    13 |    17 |    56 |    37 ||   123
         Constrict         |    14 |    22 |    34 |    19 ||    89
         Punch             |     2 |       |     3 |     4 ||     9
         Dagger            |    42 |    95 |   205 |   110 ||   452
         Kick              |       |    21 |    81 |       ||   102
  Evoke: Wand              |       |       |       |     5 ||     5
    Use: Potion            |       |     1 |     1 |     4 ||     6
         Scroll            |       |       |     6 |     2 ||     8
   Stab: Sleeping          |     8 |    15 |    15 |     2 ||    40
         Confused          |       |     2 |     1 |     2 ||     5
         Distracted        |       |       |       |     1 ||     1
 Armour: Skin              |    25 |    20 |    57 |    71 ||   173
  Dodge: Dodged            |    37 |    16 |    55 |    67 ||   175
  Block: Kite shield       |       |    22 |    52 |    58 ||   132
         Other             |       |     6 |       |       ||     6

Table legend: (Time is in decaauts)
 A = Elapsed time spent in this place.
 B = Non-inter-level travel time spent in this place.
 C = Inter-level travel time spent in this place.
 D = Time resting spent in this place.
 E = Time spent auto-exploring this place.
 F = Levels seen in this place.
 G = Mean time per level.
                   A        B        C        D        E       F      G
               +--------+--------+--------+--------+--------+-----+--------+
         Total |  13863 |  13384 |    479 |   7099 |   4860 |   8 | 1732.9 |
       Dungeon |  13863 |  13384 |    479 |   7099 |   4860 |   8 | 1732.9 |
               +--------+--------+--------+--------+--------+-----+--------+

Top non-repeatable levels by time:
     D:1: 7332 daAuts
     D:2: 1459 daAuts
     D:6: 1224 daAuts
     D:5: 1152 daAuts
     D:3: 987 daAuts
     D:7: 835 daAuts
     D:8: 466 daAuts
     D:4: 405 daAuts
